 Dungeon Crawl Stone Soup version 0.24.0-123-gd5b16e6ec5 (webtiles) character file.

Game seed: 11351392500526030298, levelgen mode: deterministic

327 Locuples the Sneak (level 6, -12/44 HPs)
             Began as a Demonspawn Assassin on Jan 28, 2020.
             Mangled by Menkaure (16 damage)
             ... on level 4 of the Dungeon.
             The game lasted 00:11:15 (4529 turns).

Locuples the Sneak (Demonspawn Assassin)            Turns: 4529, Time: 00:11:16

Health: -12/44     AC:  4    Str:  9 (11) XL:     6   Next: 24%
Magic:  6/6        EV: 17    Int: 13      God:
Gold:   196        SH:  0    Dex: 23      Spells: 5/5 levels left

rFire    . . .     SeeInvis .   a - +2 dagger
rCold    . . .     Gourm    .   (no shield)
rNeg     . . .     Faith    .   n - +0 robe
rPois    .         Spirit   .   p - +0 helmet
rElec    .         Reflect  .   c - +0 cloak
rCorr    .         Harm     .   (no gloves)
MR       .....                  (no boots)
Stlth    ++++++....             k - amulet of inaccuracy (curse)
HPRegen  0.14/turn              (no ring)
MPRegen  0.10/turn              (no ring)

@: agile, hasted, very quick
A: thin skeletal structure 1, demonic guardian 1, powered by death 1
a: no special abilities


You were on level 4 of the Dungeon.
You were hungry.

You visited 1 branch of the dungeon, and saw 4 of its levels.

You collected 196 gold pieces.

Inventory:

Hand Weapons
 a - a +2 dagger (weapon)
Missiles
 d - 7 poisoned darts (quivered)
 e - 2 curare-tipped darts
Armour
 c - a +0 cloak (worn)
 n - a +0 robe (worn)
 p - a +0 helmet (worn)
Jewellery
 k - a cursed amulet of inaccuracy (around neck)
 o - an uncursed amulet of magic regeneration {unknown}
 r - an uncursed amulet of the gourmand {unknown}
Wands
 j - a wand of disintegration (12)
Potions
 b - a potion of agility
 i - 2 potions of brilliance
Comestibles
 f - 10 rations
 g - 3 chunks of flesh


   Skills:
 - Level 2.0 Fighting
 + Level 2.4 Short Blades
 - Level 1.7 Throwing
 - Level 0.8 Dodging
 * Level 7.1 Stealth


You had 5 spell levels left.
You didn't know any spells.
Your spell library was empty.

Dungeon Overview and Level Annotations

Branches:
Dungeon (4/15)
 Temple: D:4-7

Altars:
Ashenzari
Nemelex Xobeh
Qazlal
Ru
Trog
Zin
The Shining One

Annotations:
D:4 Menkaure


Innate Abilities, Weirdness & Mutations

You have a somewhat thin skeletal structure. (Dex +2, Stealth)
A weak demonic guardian rushes to your aid.
You regenerate a little health from kills.


Message History

Your shadow imp disappears in a puff of smoke!
You feel sick.
Menkaure calls on the powers of darkness!
Your body is wracked with pain!
* * * LOW HITPOINT WARNING * * *
You are feeling hungry.
You feel sick. Menkaure closely misses you.
You feel sick.
You are no longer poisoned.
Menkaure calls on the powers of darkness!
Your body is wracked with pain!
* * * LOW HITPOINT WARNING * * *
Menkaure calls on the powers of darkness!
Your body is wracked with pain!
* * * LOW HITPOINT WARNING * * *
You feel agile all of a sudden. Menkaure misses you.
You feel yourself speed up. Menkaure hits you!
You die...

######## #..#
########.###..........$.
#.........##.............
#.........##.............
#..........#.............
#......[.#.#.............
#........#.# .$..........
#.....#########........[.
#.......@.#..M...........
#.....###M#.###..........
#.....#...#...#..รท.......
#.....#M#####.#..........
#.....#..M5...#..........
#####.#.#####.#..........
#.#...# ..#..........
#.###.#.###..........
#.....#. ...........


You could see Menkaure.

Vanquished Creatures
  A phantom (D:4)
  An orc priest (D:3)
  An orc wizard (D:3)
  A gnoll (D:1)
  5 adders
  An ooze (D:3)
  2 worms (D:2)
  A dart slug (D:3)
  5 leopard geckos
  4 orcs
  2 giant cockroaches
  7 goblins
  6 hobgoblins
  3 jackals (D:1)
  A quokka (D:3)
  A ball python (D:3)
  8 bats
  4 frilled lizards
  5 kobolds
  9 rats
68 creatures vanquished.

Vanquished Creatures (collateral kills)
  A centaur zombie (D:4)
  Jessica (D:2)
  Natasha (thrice) (D:2)
  An adder (D:4)
  A kobold (D:2)
7 creatures vanquished.

Grand Total: 75 creatures vanquished

Notes
Turn   | Place    | Note
-------+----------+-------------------------------------------
     0 | D:1      | Locuples the Demonspawn Assassin began the quest for the
                  | Orb.
     0 | D:1      | Reached XP level 1. HP: 16/16 MP: 1/1
    85 | D:1      | Reached skill level 4 in Stealth
    85 | D:1      | Gained mutation: You regenerate a little health from kills.
                  | [demonic ancestry]
    85 | D:1      | Reached XP level 2. HP: 1/22 MP: 2/2
   689 | D:1      | Gained mutation: A weak demonic guardian rushes to your
                  | aid. [demonic ancestry]
   689 | D:1      | Reached XP level 3. HP: 21/27 MP: 3/3
   832 | D:2      | Noticed a water elemental
   834 | D:2      | Found a stormy altar of Qazlal.
   835 | D:2      | Noticed an air elemental
   835 | D:2      | Noticed an earth elemental
   835 | D:2      | Noticed a fire elemental
  1056 | D:2      | Noticed Jessica
  1073 | D:2      | Killed Jessica
  1073 | D:2      | Reached skill level 5 in Stealth
  1296 | D:2      | Noticed Natasha
  1313 | D:2      | HP: 1/27 [iron imp[Natasha] (6)]
  1331 | D:2      | Killed Natasha
  1331 | D:2      | Gained mutation: You have a somewhat thin skeletal
                  | structure. (Dex +2, Stealth) [demonic ancestry]
  1331 | D:2      | Reached XP level 4. HP: 3/33 MP: 4/4
  1790 | D:2      | Noticed Natasha
  1804 | D:2      | Killed Natasha
  2115 | D:2      | Noticed Natasha
  2128 | D:2      | Killed Natasha
  2365 | D:3      | Reached skill level 6 in Stealth
  2428 | D:3      | Reached XP level 5. HP: 37/38 MP: 5/5
  2628 | D:3      | Found a sparkling altar of Nemelex Xobeh.
  3147 | D:3      | Found a glowing silver altar of Zin.
  3147 | D:3      | Found a sacrificial altar of Ru.
  3147 | D:3      | Found a shattered altar of Ashenzari.
  3148 | D:3      | Found a bloodstained altar of Trog.
  3191 | D:3      | HP: 1/38 [orc priest/divine providence (11)]
  3488 | D:3      | Found a glowing golden altar of the Shining One.
  4369 | D:4      | Noticed a phantom
  4419 | D:4      | Killed a phantom
  4419 | D:4      | Reached skill level 7 in Stealth
  4419 | D:4      | Reached XP level 6. HP: 35/44 MP: 6/6
  4498 | D:4      | Noticed Menkaure
  4529 | D:4      | Mangled by Menkaure

Levels and vault maps discovered:
D:1:      eino_arrival_water_star, layout_basic
D:2:      layout_basic, nicolae_qazlal_style_of_elements, fountainhead,
          uniq_natasha, uniq_jessica
D:3:      layout_basic, lemuel_round_altar, grunt_temple_overflow_open,
          first_ration
D:4:      layout_basic, lemuel_doored_altar, grunt_ministairs_3,
          nrook_mini_vaults, minmay_misc_feat_ornament, uniq_robin,
          uniq_duvessa, uniq_menkaure

Skill      XL: |  1  2  3  4  5 |
---------------+----------------+-----
Stealth        | 4 5 6 7 |  7.1
Short Blades   | 2 |  2.4
Fighting       | |  2.0
Throwing       | |  1.7
Dodging        | |  0.8

Action                   |  1- 3 |  4- 6 || total
-------------------------+-------+-------++-------
Melee: Dagger            |   108 |   220 ||   328
Throw: Dart              |     9 |    10 ||    19
  Use: Scroll            |     2 |     3 ||     5
       Potion            |       |     6 ||     6
 Stab: Sleeping          |     8 |    11 ||    19
       Distracted        |       |     2 ||     2
       Invisible         |       |     1 ||     1
  Eat: Chunk             |     1 |    10 ||    11
Armor: Robe              |    28 |    43 ||    71
Dodge: Dodged            |    77 |   145 ||   222
